Map: Scalo orbitale

Players

Mørtebianca

  • Race: Zerg Zerg
  • League: Diamond

Lafreequa

  • Race: Zerg Zerg
  • League: Platinum

Jhyrachy

  • Race: Terran Terran
  • League: Silver

Naxtor

  • Race: Terran Terran

VOD

Have the link to the VOD?

Description

Time

  • Played on: Dec. 3, 2015, 4:48 p.m.
  • Length: 10:08
Show
View Real Time Build Order
Export as new Build Order

Mørtebianca Zerg 

Build Orders: Pool First 

Get SALT Encoding   

  12  0:02  Drone  
  13  0:07  Drone  
  14  0:17  Overlord  
  14  0:36  Drone  
  14  0:37  Drone x2  
  17  0:46  Spawning Pool  
  16  0:55  Drone  
  17  1:19  Hatchery  
  16  1:28  Overlord  
  16  1:32  Drone  
  19  1:50  Hatchery  
  16  1:57  Drone  
  16  2:00  Extractor  
  16  2:17  Drone x3  
  19  2:35  Queen  
  19  2:43  Drone x2  
  20  2:48  Queen  
  21  2:54  Zergling x2  
  20  3:04  Metabolic Boost  
  19  3:06  Zergling x2  
  19  3:07  Zergling x2  
  21  3:19  Zergling x4  
  23  3:22  Zergling x2  
  23  3:33  Queen  
  23  3:58  Zergling x12  
  29  4:14  Drone  
  29  4:16  Drone x2  
  33  4:17  Drone  
  33  4:25  Drone  
  33  4:26  Drone x2  
  36  4:35  Spine Crawler  
  33  4:45  Queen  
  33  4:47  Drone  
  34  5:02  Queen  
  34  5:03  Drone  
  34  5:04  Drone x2  
  39  5:13  Drone x3  
  42  5:21  Spore Crawler  
  41  5:23  Zergling x2  
  41  5:24  Zergling x2, Spine Crawler  
  42  5:31  Spine Crawler  
  41  5:51  Drone x4  
  40  6:03  Zergling x2  
  41  6:17  Overlord x4  
  41  6:35  Queen  
  41  6:36  Zergling x10  
  41  6:37  Zergling x4  
  50  6:41  Spore Crawler  
  49  6:49  Drone x2  
  49  6:51  Drone x3  
  54  7:04  Hatchery  
  53  7:09  Extractor  
  53  7:11  Queen  
  53  7:14  Extractor  
  53  7:17  Lair  
  53  7:22  Extractor  
  52  7:24  Drone x2  
  52  7:25  Drone  
  52  7:26  Drone x2  
  52  7:27  Drone x3  
  52  7:29  Zergling x4  
  49  8:10  Zergling x16  
  54  8:14  Baneling Nest  
  54  8:18  Queen  
  53  8:22  Hatchery  
  53  8:24  Drone x2  
  54  8:27  Zergling x6  
  54  8:28  Zergling x8  
  61  8:35  Spire  
  61  8:39  Drone  
  61  8:40  Drone x2, Baneling Nest  
  62  8:50  Overlord  
  62  8:51  Overlord x2  
  62  9:08  Baneling x3  
  62  9:09  Baneling x6  
  58  9:26  Zergling x2  
  58  9:27  Zergling x18  
Show
View Real Time Build Order
Export as new Build Order

Lafreequa Zerg 

Build Orders:  

Get SALT Encoding   

  12  0:01  SCV  
  13  0:13  SCV  
  14  0:17  Supply Depot  
  14  0:25  SCV  
  15  0:39  SCV  
  15  0:41  Barracks  
  16  0:47  Refinery  
  16  0:51  SCV  
  17  1:03  SCV  
  18  1:15  SCV  
  19  1:30  Reaper  
  19  1:31  Orbital Command  
  20  1:42  Command Center  
  20  1:51  Supply Depot  
  20  1:56  SCV  
  21  2:02  Refinery  
  21  2:05  Barracks Reactor  
  21  2:10  SCV  
  22  2:16  Supply Depot  
  22  2:25  Factory  
  22  2:26  SCV  
  23  2:36  Barracks  
  23  2:38  SCV  
  24  2:51  SCV  
  25  2:55  Marine x2  
  27  3:01  Orbital Command  
  27  3:03  SCV  
  28  3:08  Widow Mine  
  30  3:12  Starport  
  30  3:15  SCV  
  30  3:19  Marine  
  32  3:21  Marine  
  33  3:27  Barracks Tech Lab  
  33  3:31  SCV x2  
  35  3:37  Marine  
  35  3:39  Widow Mine, Marine  
  39  3:44  SCV x2  
  41  3:48  Stimpack  
  41  3:51  Marine  
  42  3:56  Medivac  
  42  4:01  Barracks  
  44  4:08  Marine x2  
  44  4:09  SCV x2  
  48  4:16  Factory Reactor  
  48  4:26  Marine x2  
  48  4:29  Marine  
  51  4:31  SCV x2  
  53  4:53  Barracks Tech Lab  
  53  4:56  Medivac  
  52  5:06  SCV x2  
  54  5:23  Marauder x2, Marine x2  
  54  5:25  Supply Depot  
  54  5:28  Supply Depot  
  60  5:37  Liberator x2  
  60  5:40  Factory Tech Lab  
  60  5:41  Marine x2  
  62  5:44  Supply Depot  
  62  5:47  Marauder x2, Supply Depot  
  70  5:58  SCV x2  
  70  6:02  Siege Tank  
  74  6:15  Marine x2  
  74  6:16  Marauder x2  
  78  6:19  SCV x2  
  80  6:41  Siege Tank  
  83  7:08  Concussive Shells  
  83  7:09  Marine x2  
  83  7:10  Marauder x2  
  83  7:15  Medivac  
  91  7:18  SCV x2  
  87  7:42  Siege Tank, Refinery  
  89  7:46  Refinery  
  86  8:04  Command Center  
  80  8:16  SCV x2, Barracks  
  80  8:18  Barracks  
  82  8:23  Supply Depot  
  82  8:24  Supply Depot  
  82  8:25  Supply Depot  
  82  8:37  Medivac x2  
  86  8:48  Marine x2  
  86  8:49  Marauder x2  
  92  8:57  Siege Tank, Supply Depot  
  92  8:58  Supply Depot  
  95  9:09  Marine x2  
  97  9:10  Marauder  
  97  9:11  Marauder  
  101  9:23  Supply Depot  
  99  9:24  Supply Depot  
  99  9:25  Marine x2  
  89  9:32  Marauder x2  
  85  9:46  Supply Depot  
Show
View Real Time Build Order
Export as new Build Order

Jhyrachy Terran 

Build Orders:  

Get SALT Encoding   

Show
View Real Time Build Order
Export as new Build Order

Naxtor Terran 

Build Orders:  

Get SALT Encoding   

Tags
 
Add a new tag
Caveats
  • Supply blocks, unpowered buildings, or Contaminate may cause inaccurate times.
  • Supply counts are checked every 10 seconds.